 Dungeon Crawl Stone Soup version 0.31-a0-986-g5e6e4ef867 (webtiles) character file.

Game seed: 14322089696543662493

19 Xavori the Trooper (level 2, -1/25 HPs)
             Began as a Djinni Chaos Knight on Nov 6, 2023.
             Was a Plaything of Xom.
             Slain by a gnoll
             ... wielding a +0 club
              (6 damage)
             ... on level 1 of the Dungeon.
             The game lasted 00:00:54 (372 turns).

Xavori the Trooper (Djinni Chaos Knight)             Turns: 372, Time: 00:00:54

Health: -1/25      AC:  6    Str: 11    XL:     2   Next: 95%
Gold:   30         EV: 12    Int: 13    God:    Xom [..*...] SH:  0 Dex: 12

rFire   + + .        a - +0 falchion (chaos)
rCold   x . .        (no shield)
rNeg    . . .        b - +2 leather armour
rPois   ∞            f - +0 helmet
rElec   .            (no cloak)
rCorr   .            (no gloves)
SInv    .            (boots unavailable)
Will    .....        (no amulet)
Stlth   +            (no ring)
HPRegen 0.24/turn    (no ring)
MPRegen 0.00/turn

%: infuse magic (-2 HP)
@: flying
A: sickness immunity, fire resistance 2, cold vulnerability 1, float, innate
caster, HP casting, extra vitality 1
a: Renounce Religion


You were on level 1 of the Dungeon.
You worshipped Xom.
You were a toy of Xom.
You visited 1 branch of the dungeon, and saw 1 of its levels.

You collected 30 gold pieces.

Inventory:

Hand Weapons
 a - a +0 falchion of chaos (weapon)
Armour
 b - a +2 leather armour (worn)
 f - a +0 helmet (worn)
Scrolls
 c - a scroll of butterflies
 d - a scroll of identify {unknown}
 i - a scroll of blinking {unknown}
Potions
 e - a potion of curing {unknown}
 g - a potion of haste {unknown}
 h - a potion of lignification {unknown}


   Skills:
 + Level 3.1 Fighting
 + Level 2.8 Long Blades
 + Level 1.3 Armour
 + Level 2.4 Dodging
 * Level 0.5 Spellcasting
 * Level 0.5 Conjurations
 * Level 0.5 Hexes
   Level 0.0 Charms
 * Level 0.5 Summonings
 * Level 0.5 Necromancy
 * Level 0.5 Translocations
 * Level 0.5 Transmutations
 * Level 0.5 Fire Magic
 * Level 0.5 Ice Magic
 * Level 0.5 Air Magic
 * Level 0.5 Earth Magic
 * Level 0.5 Poison Magic You didn't know any spells. Your spell library was empty.

Dungeon Overview and Level Annotations

Branches:
Dungeon (1/15)

Altars:


Innate Abilities, Weirdness & Mutations

You are immune to sickness and miasma.
You are immune to poison.
Your flesh is very heat resistant. (rF++)
You are vulnerable to cold. (rC-)
You float through the air rather than walking.
You learn spells naturally, not from books.
Your magical power is your life essence.
You have superior vitality. (+4 MHP)


Message History

The bat barely misses you.
A bat is nearby!
A gnoll comes into view. It is wielding a +0 club.
Found 7 gold pieces.
The gnoll shouts!
The bat barely misses you.
There are monsters nearby!
You miss the bat.
The bat is heavily wounded.
The bat barely misses you. The bat barely misses you.
There are monsters nearby!
Found 6 gold pieces.
Xom makes a sudden noise!
You hear a mighty clap of thunder!
The bat closely misses you.
You hit the gnoll. You freeze the gnoll.
The gnoll is moderately wounded.
The bat barely misses you. The gnoll hits you with a +0 club.
You closely miss the gnoll.
The gnoll is moderately wounded.
The gnoll hits you with a +0 club! The bat hits you but does no damage.
You are too injured to fight recklessly!
Unknown command.
You are too injured to fight recklessly!
The bat hits you but does no damage. The gnoll attacks as it pursues you!
The gnoll hits you with a +0 club. The bat hits you but does no damage.
The bat attacks as it pursues you! The bat hits you but does no damage. x2
The bat misses you.
You barely miss the gnoll.
The gnoll is moderately wounded.
The gnoll hits you with a +0 club.
* * * LOW HITPOINT WARNING * * *
You hit the gnoll.
You feel better.
The gnoll is heavily wounded.
The gnoll misses you.
You hit the gnoll.
The gnoll is almost dead.
The gnoll hits you with a +0 club.
You die...
Xom yawns loudly!

...♣...#
###.#.........#
#..÷.#.#
.#.#.........#
##[###...
..#.........#
#).#####.#
#.#.........# ##.##
... #.#.........#
#..# #....
#..#.########
##.####.... #....#
##..........###.)###
##...######....#@..#
.....######.##.#g#.#
##.......##....#b#.#
#.†.....# #....#.#
##.......# #....#.#
.........# #.#..#.#
##.......# #....#.#
#.......# ###....#
##...(...# ........#


You could see a gnoll and a bat.

Vanquished Creatures
  3 endoplasms (D:1)
  3 jackals (D:1)
  2 quokkas (D:1)
  A bat (D:1)
  2 frilled lizards (D:1)
  2 goblins (D:1)
  3 kobolds (D:1)
  2 rats (D:1)
18 creatures vanquished.

Notes
Turn   | Place    | Note
-------+----------+-------------------------------------------
     0 | D:1      | Xavori the Djinni Chaos Knight began the quest for the Orb.
     0 | D:1      | Reached XP level 1. HP: 20/20 MP: 0/0
    65 | D:1      | Reached XP level 2. HP: 25/25 MP: 0/0
    65 | D:1      | XOM: silly message
   141 | D:1      | XOM: cast spell 'Summon Small Mammal'
   211 | D:1      | Found a faded altar of an unknown god.
   360 | D:1      | XOM: noise
   372 | D:1      | Slain by a gnoll

Illustrated notes

Levels and vault maps discovered:
D:1:      dpeg_arrival_tiny_i, layout_rooms,
          hellmonk_ecumenical_altar_inner_sanctum, minivault_5,
          chequers_mini_garden, minmay_heptomino_w4

Action                     || total
---------------------------++-------
  Melee: Falchion          ||    48
         Punch             ||     1
 Armour: Leather armour    ||    31
  Dodge: Dodged            ||    36

Table legend: (Time is in decaauts)
 A = Elapsed time spent in this place.
 B = Non-inter-level travel time spent in this place.
 C = Inter-level travel time spent in this place.
 D = Time resting spent in this place.
 E = Time spent auto-exploring this place.
 F = Levels seen in this place.
 G = Mean time per level.
                   A        B        C        D        E       F      G
               +--------+--------+--------+--------+--------+-----+--------+
         Total |    379 |    379 |      0 |      0 |    257 |   1 |  379.0 |
       Dungeon |    379 |    379 |      0 |      0 |    257 |   1 |  379.0 |
               +--------+--------+--------+--------+--------+-----+--------+

Top non-repeatable levels by time:
     D:1: 379 daAuts
